 Dungeon Crawl Stone Soup version 0.29.0-13-gc9e81de378 (webtiles) character file.

Game seed: 10424837946944083344

133 DocSulfur the Sneak (level 5, -1/34 HPs)
             Began as a Gargoyle Delver on Sept 10, 2022.
             Killed from afar by Natasha (3 damage)
             ... with a magic dart
             ... on level 2 of the Dungeon.
             The game lasted 00:14:29 (2999 turns).

DocSulfur the Sneak (Gargoyle Delver)               Turns: 2999, Time: 00:14:30

Health: -1/34      AC: 10    Str: 17 (18) XL:     5   Next: 16%
Magic:  5/5        EV: 10    Int:  9 (10) God:
Gold:   66         SH:  0    Dex:  9 (11) Spells: 4/4 levels left

rFire   . . .      SeeInvis .   t - +0 war axe
rCold   . . .      Faith    .   (no shield)
rNeg    + . .      Spirit   .   v - +0 ring mail
rPois   ∞          Reflect  .   n - +0 helmet
rElec   +          Harm     .   (no cloak)
rCorr   .          Rampage  .   (no gloves)
Will    .....                   (no boots)
Stlth   ++........              (no amulet)
HPRegen 0.11/turn               (no ring)
MPRegen 0.09/turn               (no ring)

@: mighty, on berserk cooldown, slowed, very slow
A: sickness immunity, AC +4, negative energy resistance 1, electricity
resistance, torment resistance 1, petrification resistance
a: no special abilities


You were on level 2 of the Dungeon.
You visited 1 branch of the dungeon, and saw 5 of its levels.

You collected 66 gold pieces.

Inventory:

Hand Weapons
 a - a +0 mace
 t - a +0 war axe (weapon)
Missiles
 u - 23 stones (quivered)
Armour
 n - a +0 helmet (worn)
 v - a +0 ring mail (worn)
Jewellery
 r - a ring of fire
Wands
 g - a wand of digging (3)
 m - a wand of polymorph (6)
Scrolls
 c - a scroll of fog
 e - a scroll of immolation
 k - 2 scrolls of identify {unknown}
 q - a scroll of vulnerability {unknown}
 s - a scroll of summoning {unknown}
Potions
 l - a potion of mutation {unknown}


   Skills:
 - Level 4.5 Fighting
 * Level 2.0(2.8) Axes
 - Level 3.4(3.7) Maces & Flails
 - Level 1.6 Dodging
 - Level 5.5 Stealth


You had 4 spell levels left.
You didn't know any spells.
Your spell library contained the following spells:

 Spells                   Type           Power      Damage    Failure   Level
 Gell's Gravitas          Tloc           0%         N/A       92%         3
 Lesser Beckoning         Tloc           0%         N/A       92%         3
 Teleport Other           Tloc           0%         N/A       92%         3


Dungeon Overview and Level Annotations

Branches:
Dungeon (5/15)
 Temple: D:4-7

Altars:

Shops:
D:2 (   D:4 =

Annotations:
D:2 Natasha
D:3 Jessica, Terence


Innate Abilities, Weirdness & Mutations

You are immune to sickness and miasma.
Your stone body is resilient. (AC +4)
You are immune to poison.
You resist negative energy. (rN+)
You are resistant to electric shocks. (rElec)
You are resistant to unholy torment.
You are immune to petrification.


Message History

Natasha mumbles some strange words.
Natasha shimmers violently.
You closely miss Natasha. Natasha closely misses you. Natasha misses you.
You slash Natasha!
Natasha is heavily wounded.
Natasha casts a spell.
Natasha claws you but does no damage.
As you read the scroll labelled SEDUANN YTAMI, it crumbles to dust.
The creatures around you are filled with an inner flame!
It was a scroll of immolation.
Natasha claws you but does no damage. x2
The iron imp hits you.
* * * LOW HITPOINT WARNING * * *
Okay, then.
It was a potion of might.
You feel very mighty all of a sudden. Natasha barely misses you.
The iron imp hits you but does no damage.
Okay, then.
Okay, then.
It was a potion of degeneration.
There was something very wrong with that liquid.
You feel weakened.
You feel dopey.
You feel clumsy.
You feel yourself speed up. Natasha closely misses you.
The iron imp barely misses you. Natasha closely misses you.
It was a potion of berserk rage.
A red film seems to cover your vision as you go berserk!
You feel yourself moving faster!
You feel mighty!
The iron imp hits you but does no damage.
Natasha claws you.
* * * LOW HITPOINT WARNING * * *
You are too berserk!
You feel a strong urge to attack something.
You feel your anger nearly subside.
You are no longer berserk.
You are exhausted.
You feel yourself slow down. Natasha casts a spell at you.
The magic dart hits you.
You die...

......# #### ......#############
#... ......##..........## #...
.†.......########..### #...
.......### ##...##########..
........############..........#..
......#..##..........########....
########.##..........# #....
##### #..#...<.@..h.### #.##.
....## ##.........5....#### #.##.
.....## ##...........#....###.##.
......# #...###.########.....##.
......# ###.###.#### ###..###.
......# #...#....# ###...##.
......# ###...##.## ##...#.##.
......##### ###.##.>###..###....
..........## #..##..##.........


You could see an iron imp (summoned, inner flame) and Natasha (inner flame).

Vanquished Creatures
  Natasha (twice) (D:2)
  Robin (D:4)
  3 adders (D:2)
  A worm (D:2)
  A dart slug (D:1)
  An orc (D:4)
  2 bats
  3 endoplasms
  3 giant cockroaches
  4 goblins
  3 hobgoblins
  5 kobolds
  A quokka (D:1)
  8 ball pythons
  2 frilled lizards
  A rat (D:2)
41 creatures vanquished.

Vanquished Creatures (others)
  4 plants (D:3)
4 creatures vanquished.

Grand Total: 45 creatures vanquished

Notes
Turn   | Place    | Note
-------+----------+-------------------------------------------
     0 | D:5      | DocSulfur the Gargoyle Delver began the quest for the Orb.
     0 | D:5      | Reached XP level 1. HP: 14/14 MP: 1/1
    14 | D:4      | Found Iluewkig's Jewellery Shop.
    23 | D:4      | Noticed an orc wizard
   503 | D:3      | Noticed Jessica
   505 | D:3      | Noticed Terence
   625 | D:4      | Reached XP level 2. HP: 18/19 MP: 2/2
   653 | D:4      | Noticed a phantom
   875 | D:4      | Noticed a black bear
   910 | D:3      | Noticed Robin
   927 | D:4      | Killed Robin
  1120 | D:4      | Reached XP level 3. HP: 7/24 MP: 3/3
  1658 | D:3      | Noticed Natasha
  2015 | D:1      | Found a faded altar of an unknown god.
  2059 | D:1      | You fall into a shaft and drop 1 floor!
  2070 | D:2      | Reached XP level 4. HP: 30/30 MP: 4/4
  2193 | D:2      | Found Hutisuo's Antique Weapon Shoppe.
  2570 | D:3      | Noticed a scorpion
  2634 | D:2      | Killed Natasha
  2635 | D:2      | Reached skill level 1 in Axes
  2663 | D:2      | Noticed Natasha
  2928 | D:2      | Killed Natasha
  2929 | D:2      | Reached XP level 5. HP: 34/34 MP: 5/5
  2962 | D:2      | Noticed Natasha
  2999 | D:2      | Killed from afar by Natasha

Illustrated notes

Levels and vault maps discovered:
D:1:      giann_bridges, layout_loops_ring, hellmonk_ecumenical_altar_run_dry,
          st_stairs_7, chequers_serial_rivers_micro_e
D:2:      layout_rooms, serial_shops, nicolae_shop_stone, serial_park_tiny_pond
D:3:      minmay_razor_zed, layout_rooms, serial_curves, eino_curves_03,
          eino_curves_01, serial_bayou_pond_b, uniq_jessica, uniq_natasha,
          uniq_robin, uniq_terence, uniq_crazy_yiuf_cottage
D:4:      layout_basic, serial_shops, shop, grunt_decor_mini_mirrors
D:5:      layout_cave_pods, uniq_pikel, uniq_duvessa

Skill      XL: |  1  2  3  4 |
---------------+-------------+-----
Fighting       | 4 |  4.5
Maces & Flails | 3 |  3.4
Axes           | 2 |  2.0
Dodging        | |  1.6
Stealth        | |  5.5

Action                   |  1- 3 |  4- 6 || total
-------------------------+-------+-------++-------
Melee: Mace              |   111 |    18 ||   129
       Unarmed           |    11 |       ||    11
       Punch             |     1 |       ||     1
       War axe           |       |    19 ||    19
Throw: Stone             |       |     2 ||     2
Evoke: Wand              |     2 |       ||     2
  Use: Scroll            |     3 |     2 ||     5
       Potion            |       |     4 ||     4
 Stab: Sleeping          |     4 |     1 ||     5
Armor: Leather armour    |    91 |     8 ||    99
       Skin              |     1 |       ||     1
       Ring mail         |       |    13 ||    13
Dodge: Dodged            |   146 |    27 ||   173
